 Dungeon Crawl Stone Soup version 0.13.0 (webtiles) character file.

817 Narretz the Insei (level 7, -6/41 HPs)
             Began as a Tengu Monk on Oct 12, 2013.
             Mangled by a griffon (7 damage)
             ... on Level 4 of the Dungeon.
             The game lasted 00:38:42 (4103 turns).

Narretz the Insei (Tengu Monk)                      Turns: 4103, Time: 00:38:42

HP  -6/41        AC  2     Str 12      XL: 7   Next: 59%
MP   8/8         EV 15     Int 11      God:
Gold 143         SH  0     Dex 17      Spells:  0 memorised,  6 levels left

Res.Fire  : . . .   See Invis. : .   p - +1,+0 elf short sword (drain)
Res.Cold  : . . .   Warding    : .   a - +0 robe
Life Prot.: . . .   Conserve   : .   (no shield)
Res.Poison: .       Res.Corr.  : .   (helmet restricted)
Res.Elec. : .       Clarity    : .   (no cloak)
Sust.Abil.: . .     Spirit.Shd : .   (no gloves)
Res.Mut.  : .       Stasis     : .   (boots unavailable)
Res.Rott. : .       Flight     : .   (no amulet)
Saprovore : . . .                    (no ring)
                                     (no ring)

@: slightly resistant to hostile enchantments, stealthy
A: able to fly, beak, talons 3
a: Fly


You were on level 4 of the Dungeon.
You were very hungry.

You visited 1 branch of the dungeon, and saw 6 of its levels.

You collected 143 gold pieces.

Inventory:

Hand weapons
 p - a +1,+0 elven short sword of draining (weapon)
 r - a +1,+0 quarterstaff of protection
 u - a +0,+1 dwarven long sword
Armour
 a - a +0 robe (worn)
Magical devices
 f - a wand of disintegration (15)
Comestibles
 b - 4 bread rations
 q - a meat ration
Scrolls
 g - 4 scrolls of remove curse
 h - 2 scrolls of noise {unknown}
 l - 3 scrolls of teleportation
 m - a scroll of amnesia {unknown}
 n - 2 scrolls of identify {unknown}
 o - a scroll of immolation {unknown}
Jewellery
 w - an uncursed ring of positive energy {unknown}
Potions
 c - a potion of curing
 d - a potion of porridge {unknown}
 e - 2 potions of restore abilities {unknown}
 i - a potion of slowing {unknown}
 j - 2 potions of speed
 k - a potion of experience {unknown}
 s - a potion of degeneration {unknown}
 t - a potion of heal wounds
 v - a potion of blood {unknown}


   Skills:
 + Level 4.1 Fighting
 * Level 2.2 Short Blades
 - Level 3.1 Throwing
 + Level 4.9 Dodging
 + Level 4.5 Stealth
 + Level 6.0 Unarmed Combat
 + Level 0.7 Evocations


You had 6 spell levels left.
You didn't know any spells.

Dungeon Overview and Level Annotations

Branches:
Dungeon (6/27)
 Temple: D:4-7          Orc: D:6-11

Altars:
Makhleb
Xom

Annotations:
D:4 Bloax's ghost, weakling GrMo
D:5 Grinder; Prince Ribbit


Innate Abilities, Weirdness & Mutations

You can fly.
You have a beak for a mouth.
You have claws for feet.


Message History

Press: ? - help, Shift-Dir - straight line, f/p - griffon
Aim: a griffon (lightly wounded)
You throw a dart. The dart hits the griffon.
The griffon is lightly wounded.
You hit the griffon but do no damage. You drain the griffon!
You peck the griffon.
The griffon is lightly wounded.
The griffon bites you! The griffon pecks you. The griffon claws you.
You closely miss the griffon. Your kick misses the griffon.
The griffon is lightly wounded.
The griffon bites you! The griffon closely misses you.
The griffon closely misses you.
Evoke which item? (* to show all) (? for menu, Esc to quit)
Zapping:
f - a wand of disintegration {zapped: 1}
Press: ? - help, Shift-Dir - straight line, f/p - griffon
Aim: a griffon (lightly wounded)
The griffon resists with some effort.
The griffon bites you!
* * * LOW HITPOINT WARNING * * *
The griffon pecks you!
You die...

######.# #........... .......#
##..#......#.#.. ....%..#
....#....#...... ######.#
##....#..<........ # #.#
#..(..#....#.#.##. # #.#
#..(.##........... ######.# #....
#.#..#.#.##. ##.....# #H.#
#.#..#.#....
##.....#########@#####.#..#.#.##.
............................####.
.#####.#.####.########.#..#.####.
.# ##.#....#.# #.#..#...... .#
#....#.##.# #.#..#.####. .#
#..###.##.# ####.#......... .##
#..# #.##.## #...........#.. ..#
#..# #....)####...........#.. ..#
#..# #....................#..


You could see a griffon.

Vanquished Creatures
  The ghost of Bloax the Insei, an average GrMo (D:5)
  A necrophage (D:6)
  3 crimson imps (D:6)
  2 orc wizards (D:3)
  A jelly (D:6)
  A sky beast (D:6)
  Jessica (D:2)
  7 adders
  7 worker ants
  A worm (D:2)
  An inept item mimic (D:3)
  3 giant geckos
  8 orcs
  3 giant cockroaches
  7 goblins
  6 hobgoblins
  9 jackals
  12 kobolds
  2 quokkas (D:3)
  4 bats
  6 giant newts
  5 rats
91 creatures vanquished.

Notes
Turn   | Place    | Note
--------------------------------------------------------------
     0 | D:1      | Narretz, the Tengu Monk, began the quest for the Orb.
     0 | D:1      | Reached XP level 1. HP: 12/12 MP: 0/0
   295 | D:1      | Reached XP level 2. HP: 15/17 MP: 2/2
   790 | D:2      | Reached XP level 3. HP: 3/22 MP: 3/3
   886 | D:2      | Noticed Jessica
   891 | D:2      | Killed Jessica
   891 | D:2      | Reached skill level 5 in Unarmed Combat
  1132 | D:2      | Reached XP level 4. HP: 25/27 MP: 4/4
  1286 | D:3      | Found a burning altar of Makhleb.
  1613 | D:3      | Reached XP level 5. HP: 32/32 MP: 6/6
  1829 | D:3      | Found a shimmering altar of Xom.
  2076 | D:4      | Noticed Bloax's ghost (weakling GrMo)
  2089 | D:5      | Entered Level 5 of the Dungeon
  2106 | D:5      | Noticed Grinder
  2147 | D:5      | Noticed Bloax's ghost (average GrMo)
  2149 | D:5      | Noticed Prince Ribbit
  2168 | D:6      | Noticed a sky beast
  2209 | D:5      | Killed Bloax's ghost
  2209 | D:5      | Reached skill level 1 in Short Blades
  2209 | D:5      | Reached XP level 6. HP: 6/36 MP: 7/7
  2388 | D:5      | Noticed an ice beast
  2563 | D:6      | Reached skill level 1 in Throwing
  2671 | D:6      | Reached XP level 7. HP: 32/41 MP: 8/8
  2791 | D:6      | Killed a sky beast
  2940 | D:6      | Noticed a necrophage
  2954 | D:6      | Killed a necrophage
  3446 | D:4      | Reached skill level 6 in Unarmed Combat
  3850 | D:4      | Noticed a griffon
  4103 | D:4      | HP: 1/41 [griffon (15)]
  4103 | D:4      | Mangled by a griffon

Action                   |  1- 3 |  4- 6 |  7- 9 || total
-------------------------+-------+-------+-------++-------
Melee: Unarmed           |    56 |    46 |    21 ||   123
       Short sword       |       |    77 |    49 ||   126
Throw: Dart              |     3 |    33 |     8 ||    44
Evoke: Wand              |       |     1 |     1 ||     2
  Use: Potion            |     1 |     2 |     1 ||     4
       Scroll            |     1 |       |     1 ||     2
 Stab: Sleeping          |     3 |     6 |     2 ||    11
       Distracted        |       |     1 |       ||     1
